 Dungeon Crawl Stone Soup version 0.22-a0-587-g7d32d7c (webtiles) character file.

77 iamserjio the Chopper (level 4, 0/31 HPs)
             Began as a Halfling Berserker on July 4, 2018.
             Was a Follower of Trog.
             Slain by a phantom (4 damage)
             ... on level 4 of the Dungeon.
             The game lasted 00:04:25 (823 turns).

iamserjio the Chopper (Halfling Berserker)           Turns: 823, Time: 00:04:26

Health: 0/31       AC:  8    Str: 19    XL:     4   Next: 58%
Magic:  4/4        EV: 13    Int:  5    God:    Trog [*.....]
Gold:   116        SH:  0    Dex: 13    Spells: 3/3 levels left

rFire    . . .     SeeInvis .   a - +0 hand axe
rCold    . . .     Gourm    .   (shield restricted)
rNeg     . . .     Faith    .   f - +0 scale mail
rPois    .         Spirit   .   (no helmet)
rElec    .         Reflect  .   (no cloak)
rCorr    .         Harm     .   e - +0 pair of gloves
MR       .....                  (no boots)
Stlth    ..........             (no amulet)
HPRegen  0.10/turn              (no ring)
MPRegen  0.09/turn              (no ring)

@: no status effects
A: small, mutation resistance 1
a: Berserk, Renounce Religion


You were on level 4 of the Dungeon.
You worshipped Trog.
Trog was aware of your devotion.
You were hungry.

You visited 1 branch of the dungeon, and saw 4 of its levels.

You collected 116 gold pieces.

Inventory:

Hand Weapons
 a - a +0 hand axe (weapon)
Armour
 b - a +0 animal skin
 e - a +0 pair of gloves (worn)
 f - a +0 scale mail (worn)
Scrolls
 d - a scroll of fog {unknown}
 g - a scroll of random uselessness {unknown}
 i - a scroll of immolation {unknown}
 k - a scroll of identify {unknown}
Potions
 h - a potion of magic {unknown}
 j - a potion of might {unknown}
Comestibles
 c - 8 rations


   Skills:
 + Level 3.0 Fighting
 * Level 3.7 Axes
 * Level 3.3 Armour
 + Level 2.7 Dodging


You had 3 spell levels left.
You didn't know any spells.
Your spell library was empty.

Dungeon Overview and Level Annotations

Branches:
Dungeon (4/15)
 Temple: D:4-7

Altars:


Innate Abilities, Weirdness & Mutations

You are small and have problems with some larger weapons.
You are somewhat resistant to further mutation.


Message History

The leopard gecko bites you but does no damage.
You hit the leopard gecko.
You kill the leopard gecko!
Trog accepts your kill.
You see here a leopard gecko corpse.
You butcher the leopard gecko corpse.
k - a chunk of flesh Eat a chunk of flesh? (ye/n/q)
You eat the chunk of flesh.
This raw flesh tastes terrible.
You are feeling hungry.
Okay, then.
You see here a scroll labeled XAARYXA ZUNONU.
k - a scroll labeled XAARYXA ZUNONU You hit the phantom.
The phantom is severely damaged.
The phantom hits you but does no damage.
You barely miss the phantom.
The phantom is severely damaged.
The phantom hits you.
You die...

.# ## .#
...#########+#(#
...............#
...$...........#.#
.......@W......#.#
...............#.#
#.........#......#
#.........#......#
#.........#......####+##
#.........#.............
#.#.......+...W.........
#.#.......####..........
#.......##............


You could see a phantom.

Vanquished Creatures
  An orc priest (D:3)
  An adder (D:2)
  A gnoll (D:1)
  2 leopard geckos
  5 orcs
  A giant cockroach (D:3)
  A goblin (D:1)
  A hobgoblin (D:1)
  3 quokkas
  A bat (D:2)
  A jackal zombie (D:3)
  5 kobolds
  A rat (D:3)
24 creatures vanquished.

Vanquished Creatures (others)
  A hobgoblin (D:2)
1 creature vanquished.

Grand Total: 25 creatures vanquished

Notes
Turn   | Place    | Note
-------+----------+-------------------------------------------
     0 | D:1      | iamserjio the Halfling Berserker began the quest for the Orb.
     0 | D:1      | Reached XP level 1. HP: 15/15 MP: 1/1
    79 | D:2      | Reached XP level 2. HP: 14/20 MP: 2/2
   379 | D:1      | Reached XP level 3. HP: 19/25 MP: 3/3
   425 | D:3      | Reached XP level 4. HP: 25/31 MP: 4/4
   783 | D:4      | Noticed a phantom
   823 | D:4      | Slain by a phantom

Vault maps used:
D:1:      nicolae_arrival_somewhat_less_tricky_arrival
D:2:      lemuel_flame_loot_1, uniq_natasha
D:3:      first_ration
D:4:      gammafunk_temple_overflow_pools, gammafunk_temple_overflow_elements,
          trog_wizard

Skill      XL: |  1  2  3 |
---------------+----------+-----
Fighting       | 3 |  3.0
Armour         | 3 |  3.3
Axes           | |  3.7
Dodging        | |  2.7

Action                   |  1- 3 |  4- 6 || total
-------------------------+-------+-------++-------
Melee: Hand axe          |    30 |    51 ||    81
Invok: Berserk           |     3 |       ||     3
 Stab: Sleeping          |     1 |       ||     1
  Eat: Chunk             |       |     2 ||     2
Armor: Animal skin       |     2 |       ||     2
       Scale mail        |    12 |    15 ||    27
Dodge: Dodged            |    38 |    25 ||    63

Table legend:
 A = Spawn XP
 B = Non-spawn XP
 C = Spawn XP percentage of total XP
 D = Spawn monster count
 E = Non-spawn monster count
 F = Spawn count percentage of total count
 G = Total turns spent on level
                    A         B        C        D         E        F      G
               +---------+---------+-------+---------+---------+-------+---------
         Total |       0 |     110 |   0.0 |       0 |      24 |   0.0 |   823
               +---------+---------+-------+---------+---------+-------+---------
           D:1 |       0 |      17 |   0.0 |       0 |       3 |   0.0 |    93
           D:2 |       0 |      18 |   0.0 |       0 |       4 |   0.0 |   199
           D:3 |       0 |      69 |   0.0 |       0 |      15 |   0.0 |   437
           D:4 |       0 |       6 |   0.0 |       0 |       2 |   0.0 |    94
               +---------+---------+-------+---------+---------+-------+---------
